 Dungeon Crawl Stone Soup version 0.25-a0-425-g0e000e855e (webtiles) character file.

Game seed: 16594858174627399978, levelgen mode: deterministic

80866 Gargoyl the Schismatic (level 15, -10/126 HPs)
             Began as a Centaur Abyssal Knight on Jan 24, 2020.
             Was an Elder of Lugonu.
             Mangled by a frost giant
             ... wielding a +2 battleaxe of freezing
              (12 damage)
             ... on level 15 of the Dungeon.
             The game lasted 00:48:09 (28253 turns).

Gargoyl the Schismatic (Centaur Abyssal Knight)    Turns: 28253, Time: 00:48:09

Health: -10/126    AC: 21    Str: 19    XL:     15   Next: 25%
Magic:  24/24      EV: 13    Int: 14    God:    Lugonu [****..]
Gold:   1705       SH:  6    Dex: 17    Spells: 14/14 levels left

rFire    . . .     SeeInvis .   j - +7 flail (holy)
rCold    + + .     Gourm    .   y - +0 buckler
rNeg     + . .     Faith    .   x - +4 ring mail {rPois}
rPois    +         Spirit   .   i - +2 helmet
rElec    .         Reflect  .   b - +2 cloak
rCorr    .         Harm     .   E - +2 pair of gloves {archery}
MR       +....                  (no barding)
Stlth    +.........             k - amulet of regeneration
HPRegen  0.71/turn              d - ring of positive energy
MPRegen  0.19/turn              I - ring of Cuethr Pesari {rC+ Int+3 Dex+4}

@: very quick
A: large, hooves 3, thin skeletal structure 1, cold resistance 1, deformed body,
speed 2, tough skin 3, MP-powered wands
a: Depart the Abyss, Bend Space, Banish, Corrupt, Renounce Religion


You were on level 15 of the Dungeon.
You worshipped Lugonu.
Lugonu was greatly pleased with you.
You were not hungry.

You visited 2 branches of the dungeon, and saw 21 of its levels.
You visited the Abyss 4 times.
You also visited: Ossuary.

You collected 1845 gold pieces.
You spent 140 gold pieces at shops.

Inventory:

Hand Weapons
 a - a +2 vorpal hand axe
 j - a +7 flail of holy wrath (weapon)
Missiles
 o - 10 boomerangs (quivered)
Armour
 b - a +2 cloak (worn)
 i - a +2 helmet (worn)
 x - a +4 ring mail of poison resistance (worn)
 y - a +0 buckler (worn)
 E - a +2 pair of gloves of archery (worn)
Jewellery
 d - a ring of positive energy (left hand)
 k - an amulet of regeneration (around neck)
 G - an uncursed ring of resist corrosion
 I - the ring of Cuethr Pesari (right hand) {rC+ Int+3 Dex+4}
   (You found it on level 1 of the Lair of Beasts)

   [ring of intelligence]

   It affects your intelligence (+3).
   It affects your dexterity (+4).
   It protects you from cold.
Wands
 t - a wand of flame (12)
 v - a wand of iceblast (14)
 w - a wand of random effects (22)
 z - a wand of disintegration (19)
 F - a wand of enslavement (8)
 H - a wand of polymorph (9)
 M - a wand of digging (3)
 P - a wand of scattershot (7)
Scrolls
 e - 7 scrolls of teleportation
 g - a scroll of identify
 m - a scroll of magic mapping
 n - 11 scrolls of remove curse
 p - 2 scrolls of blinking
 s - 5 scrolls of fog
 A - 3 scrolls of fear
Potions
 f - 2 potions of cancellation
 h - 4 potions of resistance
 l - 7 potions of curing
 q - 2 potions of invisibility
 r - 2 potions of magic
 u - a potion of lignification
 B - 4 potions of agility
 C - 3 potions of haste
 J - 2 potions of might
 K - a potion of brilliance
 N - a potion of berserk rage
 Q - a potion of mutation
Miscellaneous
 O - a sack of spiders
Comestibles
 c - 42 rations
 D - 3 chunks of flesh


   Skills:
 + Level 9.9 Fighting
 + Level 6.4(10.0) Axes
 + Level 11.8(12.4) Maces & Flails
 + Level 0.8 Throwing
 * Level 9.5 Armour
 + Level 7.0 Dodging
 * Level 8.0 Shields
 * Level 12.7 Invocations
 + Level 1.5 Evocations


You had 14 spell levels left.
You didn't know any spells.
Your spell library contained the following spells:

 Spells                   Type           Power        Failure   Level  Hunger
 Animate Skeleton         Necr           N/A          41%         1    ##.....
 Apportation              Tloc           #.....       41%         1    ##.....
 Beastly Appendage        Tmut           #.....       41%         1    ##.....
 Corona                   Hex            #......      41%         1    ##.....
 Foxfire                  Conj/Fire      #...         41%         1    ##.....
 Magic Dart               Conj           #...         41%         1    ##.....
 Sting                    Tmut/Pois      #...         41%         1    ##.....
 Summon Small Mammal      Summ           #...         41%         1    ##.....
 Call Imp                 Summ           #.......     56%         2    ###....
 Poisonous Vapours        Pois/Air       #.....       56%         2    ###....
 Searing Ray              Conj           #.....       56%         2    ###....
 Sticks to Snakes         Tmut           #.......     56%         2    ###....
 Call Canine Familiar     Summ           #.......     80%         3    ####...
 Conjure Flame            Conj/Fire      #.......     80%         3    ####...
 Dazzling Flash           Conj/Hex       #.....       80%         3    ####...
 Ignite Poison            Fire/Tmut/Pois #.......     80%         3    ####...
 Inner Flame              Hex/Fire       #.......     80%         3    ####...
 Mephitic Cloud           Conj/Pois/Air  #.......     80%         3    ####...
 Spider Form              Tmut/Pois      #.........   80%         3    ####...
 Summon Guardian Golem    Hex/Summ       #.......     80%         3    ####...
 Fulminant Prism          Conj/Hex       #.........   99%         4    #####..
 Ice Form                 Ice/Tmut       #.......     99%         4    #####..
 Iskenderun's Mystic Bla  Conj/Tloc      #.......     99%         4    #####..
 Olgreb's Toxic Radiance  Pois           #.......     99%         4    #####..
 Sticky Flame             Conj/Fire      #.......     99%         4    #####..
 Summon Ice Beast         Ice/Summ       #.......     99%         4    #####..
 Summon Lightning Spire   Summ/Air       #.......     99%         4    #####..
 Blade Hands              Tmut           #.........   100%        5    ######.
 Bolt of Magma            Conj/Fire/Erth #.........   100%        5    ######.
 Fireball                 Conj/Fire      #.........   100%        5    ######.
 Iskenderun's Battlesphe  Conj/Chrm      #.......     100%        5    ######.
 Iron Shot                Conj/Erth      #.........   100%        6    #######
 Orb of Destruction       Conj           #.........   100%        7    #######
 Spellforged Servitor     Conj/Summ      #.........   100%        7    #######


Dungeon Overview and Level Annotations

Branches:
Dungeon (15/15)            Temple (0/1) D:6            Lair (6/6) D:9
  Swamp (0/4) Lair:3       Spider (0/4) Lair:3        Slime (0/5) Lair:6
    Orc (0/2) D:11         Vaults (0/5) D:13         Depths (0/5) D:15
Ossuary (visited)

Altars:
Ashenzari
Dithmenos
Elyvilon
Fedhas
Hepliaklqana
Makhleb
Trog
Wu Jian
Xom
Yredelemnul
Zin
The Shining One
Jiyva

Shops:
D:5 *   D:11 [(

Portals:
Trove: D:14 (give 11 potions of heal wounds)


Innate Abilities, Weirdness & Mutations

You have hooves in place of feet.
Armour fits poorly on your strangely shaped body.
You cover ground very quickly.
You have extremely tough skin. (AC +3)
You have a somewhat thin skeletal structure. (Dex +2, Stealth)
Your flesh is cold resistant. (rC+)
You expend magic power (3 MP) to strengthen your wands.


Message History

You barely miss the frost giant.
You kick the frost giant, but do no damage.
The frost giant is severely wounded.
You block the centaur warrior's attack.
The yaktaur shoots a bolt.
The bolt hits you!
* * * LOW HITPOINT WARNING * * *
Unknown command.
Okay, then.
Okay, then.
You feel better.
The centaur warrior hits you but does no damage.
The frost giant points at you and mumbles some strange words.
The bolt of cold hits you! You resist.
* * * LOW HITPOINT WARNING * * *
The centaur warrior hits you but does no damage.
Unknown command.
You feel better. The centaur warrior hits you!
* * * LOW HITPOINT WARNING * * *
The frost giant hits you with a +2 battleaxe of freezing!
You die...

###### .# '...+c# ...# #
#.>.#.# ....# #.#.cC#.#
#####..###
#.##@##.#.##.<##..#..
#.≈...≈c#...........(
#.≈...≈.#............
.....##.≈.≈.≈.#............
..... #.#.#.#.#............
#...# #≈..#..≈#...####.##.#
#...###≈≈...≈≈#...####.##.#
#.....####'####............
#........#.................


You could see a frost giant, a centaur warrior and a yaktaur.

Vanquished Creatures
  A tengu reaver (D:14)
  An emperor scorpion (Lair:6)
  Louise (D:14)
  Fannar (D:10)
  The ghost of Muar the Destroyer, a journeyman DrCj of Vehumet (D:12)
  7 hydras
  A vault guard (D:14)
  A catoblepas (Lair:6)
  2 ogre magi
  A death knight (D:14)
  7 centaur warriors
  2 tengu warriors (D:13)
  11 two-headed ogres
  6 death yaks
  An unseen horror (D:13)
  A deep elf archer (D:13)
  A lindwurm (Lair:6)
  5 manticores
  An orb spider (Lair:3)
  3 ugly things
  3 deep elf magi
  3 cyclopes
  Psyche (D:11)
  2 elephants (Lair:6)
  A black mamba (Lair:6)
  10 spiny frogs
  3 gargoyles
  A smoke demon (Abyss:1)
  5 komodo dragons
  A kobold demonologist (D:13)
  A freezing wraith (D:14)
  4 rime drakes
  3 yaktaurs (D:13)
  5 trolls
  A queen bee (D:10)
  5 hornets
  5 slime creatures (D:13)
  25 blink frogs
  A polar bear (Lair:5)
  A meliai zombie (D:11)
  9 dream sheep
  14 hippogriffs
  A shadow (Abyss:1)
  A vampire (D:13)
  A ynoxinul (Abyss:2)
  A wraith (D:10)
  22 yaks
  7 wyverns
  4 basilisks
  A chaos spawn (Abyss:1)
  3 hungry ghosts
  2 small abominations (Abyss:1)
  A soldier ant (D:11)
  Edmund (D:6)
  7 insubstantial wisps
  2 wargs (D:8)
  An acid dragon (D:14)
  9 water moccasins
  2 large abominations
  2 sky beasts
  9 orc warriors
  3 porcupines
  A meliai simulacrum (D:15)
  2 black bears (D:8)
  3 ice beasts
  2 necrophages
  2 phantoms
  21 wolves
  8 ogres
  7 centaurs
  The ghost of tape the Slasher, an amateur TeFi (D:3)
  11 crocodiles
  A gnoll sergeant (D:7)
  Blork the orc (D:6)
  4 big kobolds
  13 bullfrogs
  4 scorpions
  6 wights (D:11)
  38 killer bees
  3 howler monkeys
  5 crimson imps
  3 centaur zombies
  2 quasits (D:11)
  A bullfrog zombie (D:12)
  8 hounds
  7 orc wizards
  Crazy Yiuf (D:2)
  10 orc priests
  3 jellies
  A bullfrog skeleton (D:11)
  6 iguanas
  6 worker ants
  7 hell rats (Lair:4)
  2 killer bee zombies
  A big kobold zombie (Ossuary)
  A hound zombie (D:7)
  A hound skeleton (D:4)
  8 mummies (Ossuary)
  A worker ant zombie (D:6)
  7 adders
  7 gnolls
  A howler monkey skeleton (D:10)
  4 shadow imps
  An ufetubus (Abyss:2)
  An ooze (D:2)
  2 adder zombies
  2 adder skeletons
  5 worms
  4 dart slugs
  8 leopard geckos
  59 orcs
  8 bats
  8 giant cockroaches
  3 hobgoblins
  10 jackals
  4 quokkas
  4 frilled lizards
  7 goblins
  A hobgoblin zombie (Ossuary)
  14 kobolds
  4 kobold zombies (Ossuary)
  2 leopard gecko skeletons (D:4)
  2 orc zombies (Ossuary)
  3 quokka skeletons
  A quokka zombie (D:8)
  7 rats
  A fungus (D:2)
621 creatures vanquished.

Vanquished Creatures (others)
  A hydra (Lair:6)
  A catoblepas (Lair:6)
  A lindwurm (Lair:6)
  2 spiny frogs
  2 blink frogs
  2 hippogriffs
  A worker ant (D:4)
  A kobold (D:13)
  8 fungi
  3 plants
22 creatures vanquished.

Grand Total: 643 creatures vanquished

Notes
Turn   | Place    | Note
-------+----------+-------------------------------------------
     0 | Abyss:1  | Gargoyl the Centaur Abyssal Knight began the quest for the
                  | Orb.
     0 | Abyss:1  | Reached XP level 1. HP: 19/19 MP: 2/2
    82 | Abyss:1  | Gained mutation: Your system is resistant to poisons.
                  | (rPois) [potion of mutation]
    82 | Abyss:1  | Gained mutation: Your body sometimes deteriorates upon
                  | taking damage. [potion of mutation]
    82 | Abyss:1  | Gained mutation: You are robust. (+10% HP) [potion of
                  | mutation]
    82 | Abyss:1  | Gained mutation: You have an increased reservoir of magic.
                  | (+10% MP) [potion of mutation]
   114 | Abyss:1  | Noticed a wretched star
   140 | Abyss:1  | Noticed a small abomination
   150 | Abyss:1  | Noticed a quasit
   162 | Abyss:1  | Noticed a starcursed mass
   178 | D:1      | Escaped the Abyss
   469 | D:1      | Reached XP level 2. HP: 15/28 MP: 3/3
   530 | D:1      | You fall into a shaft and drop 1 floor!
   661 | D:2      | Found a shimmering altar of Xom.
   780 | D:2      | Reached * piety under Lugonu
   792 | D:2      | Reached skill level 1 in Dodging
  1181 | D:2      | Reached XP level 3. HP: 34/34 MP: 5/5
  2330 | D:2      | Found a runed translucent door.
  2331 | D:2      | Noticed Crazy Yiuf
  2338 | D:2      | Killed Crazy Yiuf
  2338 | D:2      | Reached XP level 4. HP: 21/41 MP: 6/6
  2859 | D:3      | Found a runed translucent door.
  2874 | D:3      | Noticed tape's ghost (amateur TeFi)
  2960 | D:4      | Reached skill level 3 in Invocations
  2960 | D:4      | Reached XP level 5. HP: 40/49 MP: 7/7
  3008 | D:4      | Found a burning altar of Makhleb.
  3008 | D:4      | Found an ornate altar of the Wu Jian Council.
  3142 | D:4      | Reached XP level 6. HP: 13/57 MP: 9/9
  3256 | D:4      | Found a blossoming altar of Fedhas.
  3325 | D:4      | Reached ** piety under Lugonu
  3836 | D:3      | Killed tape's ghost
  4408 | D:5      | Entered Level 5 of the Dungeon
  4408 | D:5      | Found Qenexko's Assorted Antiques.
  4424 | D:5      | Bought a glowing ring mail for 140 gold pieces
  4878 | D:5      | Reached XP level 7. HP: 63/63 MP: 10/10
  5001 | D:6      | Found a sand-covered staircase.
  5006 | Ossuary  | Entered an ossuary
  5030 | Ossuary  | Reached *** piety under Lugonu
  5621 | D:7      | Reached skill level 4 in Invocations
  5813 | D:6      | Reached XP level 8. HP: 52/72 MP: 12/12
  5882 | D:6      | Noticed Blork the orc
  5884 | D:6      | Found a staircase to the Ecumenical Temple.
  5897 | D:6      | Killed Blork the orc
  6028 | D:6      | Noticed Edmund
  6039 | D:6      | Killed Edmund
  6039 | D:6      | Reached **** piety under Lugonu
  6122 | D:6      | Reached skill level 5 in Axes
  6575 | D:7      | Found a shattered altar of Ashenzari.
  6593 | D:7      | Reached skill level 5 in Invocations
  6771 | D:7      | Reached skill level 5 in Fighting
  7177 | D:7      | Reached XP level 9. HP: 81/81 MP: 14/14
  7204 | D:7      | Lost mutation: You have an increased reservoir of magic.
                  | (+10% MP) [potion of mutation]
  7204 | D:7      | Lost mutation: Your body sometimes deteriorates upon taking
                  | damage. [potion of mutation]
  7204 | D:7      | Gained mutation: You are occasionally teleported next to
                  | monsters. [potion of mutation]
  7204 | D:7      | Gained mutation: Your flesh is cold resistant. (rC+)
                  | [potion of mutation]
  7204 | D:7      | Gained mutation: You have a somewhat thin skeletal
                  | structure. (Dex +2, Stealth) [potion of mutation]
  7273 | D:4      | Lost mutation: You are robust. (+10% HP) [potion of
                  | mutation]
  7273 | D:4      | Lost mutation: You are occasionally teleported next to
                  | monsters. [potion of mutation]
  7273 | D:4      | Lost mutation: You have a somewhat thin skeletal structure.
                  | (Dex +2, Stealth) [potion of mutation]
  7273 | D:4      | Lost mutation: Your system is resistant to poisons. (rPois)
                  | [potion of mutation]
  7273 | D:4      | Gained mutation: You have a somewhat thin skeletal
                  | structure. (Dex +2, Stealth) [potion of mutation]
  7273 | D:4      | Gained mutation: You expend magic power (3 MP) to
                  | strengthen your wands. [potion of mutation]
  7558 | D:7      | Reached skill level 1 in Maces & Flails
  7558 | D:7      | Reached skill level 1 in Shields
  7565 | D:7      | Reached skill level 5 in Armour
  7838 | D:8      | Found a bloodstained altar of Trog.
  7871 | D:8      | Found a shadowy altar of Dithmenos.
  8212 | D:8      | Noticed a two-headed ogre
  8260 | D:8      | Reached skill level 6 in Invocations
  8522 | D:8      | Reached ***** piety under Lugonu
  8536 | D:8      | Killed a two-headed ogre
  8536 | D:8      | Reached XP level 10. HP: 55/83 MP: 11/14
  8693 | D:8      | Found a white marble altar of Elyvilon.
  8693 | D:8      | Found a glowing silver altar of Zin.
  8694 | D:8      | Found a glowing golden altar of the Shining One.
  8834 | D:8      | Found a basalt altar of Yredelemnul.
  8986 | D:9      | Found a staircase to the Lair.
  9465 | D:9      | Noticed a two-headed ogre
  9482 | D:9      | Killed a two-headed ogre
  9482 | D:9      | Reached skill level 7 in Invocations
  9512 | D:9      | Found a hazy altar of Hepliaklqana.
  9880 | Lair:1   | Entered Level 1 of the Lair of Beasts
  9980 | Lair:1   | Reached skill level 5 in Maces & Flails
 10208 | Lair:1   | Got a slimy platinum ring
 10810 | Lair:2   | Noticed a spiny frog
 10824 | Lair:2   | HP: 4/83 [spiny frog (12)]
 10828 | Lair:2   | Killed a spiny frog
 10939 | Lair:2   | Noticed a spiny frog
 10946 | Lair:2   | Banished a spiny frog
 11064 | Lair:2   | Identified the ring of Cuethr Pesari {rC+ Int+3 Dex+4} (You
                  | found it on level 1 of the Lair of Beasts)
 11070 | Lair:2   | Noticed a spiny frog
 11083 | Lair:2   | Killed a spiny frog
 11150 | Lair:2   | Reached XP level 11. HP: 48/89 MP: 16/16
 11560 | Lair:2   | Reached skill level 8 in Invocations
 12999 | Lair:2   | Reached skill level 5 in Dodging
 13141 | Lair:3   | Found a staircase to the Swamp.
 13161 | Lair:3   | Found a hole to the Spider Nest.
 13161 | Lair:3   | Noticed an orb spider
 13198 | Lair:3   | Killed an orb spider
 13198 | Lair:3   | Reached skill level 9 in Invocations
 13239 | Lair:3   | Noticed a five-headed hydra
 13253 | Lair:3   | Killed a five-headed hydra
 13273 | Lair:3   | Reached XP level 12. HP: 47/100 MP: 18/18
 13637 | Lair:3   | Noticed a four-headed hydra
 13647 | Lair:3   | Killed a four-headed hydra
 13852 | Lair:3   | Reached skill level 5 in Shields
 14005 | Lair:4   | Noticed a seven-headed hydra
 14016 | Lair:4   | Killed a seven-headed hydra
 14475 | Lair:4   | Noticed a seven-headed hydra
 14487 | Lair:4   | Killed a seven-headed hydra
 14487 | Lair:4   | Reached skill level 1 in Evocations
 15076 | Lair:5   | Noticed a death yak
 15076 | Lair:5   | Noticed a death yak
 15076 | Lair:5   | Noticed a death yak
 15078 | Lair:5   | Noticed a death yak
 15093 | Lair:4   | Killed a death yak
 15093 | Lair:4   | Reached skill level 10 in Invocations
 15367 | Lair:3   | HP: 2/101 [death yak (15)]
 15516 | Lair:2   | Banished a death yak
 15534 | Lair:2   | Killed a death yak
 17033 | Lair:6   | Entered Level 6 of the Lair of Beasts
 17138 | Lair:5   | Reached XP level 13. HP: 81/107 MP: 20/20
 18032 | Lair:6   | Found a viscous altar of Jiyva.
 18033 | Lair:6   | Found a staircase to the Slime Pits.
 18893 | Lair:6   | Escaped the Abyss
 19133 | Lair:6   | Reached skill level 11 in Invocations
 19496 | Lair:6   | Noticed a dire elephant
 20342 | Lair:6   | Noticed an emperor scorpion
 20342 | Lair:6   | a dire elephant changed into an emperor scorpion
 20397 | Lair:6   | Killed an emperor scorpion
 20817 | D:10     | Entered Level 10 of the Dungeon
 21016 | D:10     | Reached skill level 10 in Maces & Flails
 21274 | D:10     | Noticed Fannar
 21317 | D:10     | Killed Fannar
 21774 | D:11     | Found Jorobuk's Armour Shoppe.
 21775 | D:11     | Found a staircase to the Orcish Mines.
 21807 | D:11     | Found Tituc's Weapon Shoppe.
 21907 | D:11     | Reached XP level 14. HP: 115/115 MP: 22/22
 22137 | D:11     | Noticed Psyche
 22272 | D:11     | Cast into level 2 of the Abyss (Psyche)
 22325 | D:11     | Escaped the Abyss
 22330 | D:11     | Killed Psyche
 23333 | D:12     | Noticed Muar's ghost (journeyman DrCj)
 23526 | D:12     | Found a bloodstained altar of Trog.
 23766 | D:12     | Reached skill level 12 in Invocations
 24011 | D:12     | Found a runed translucent door.
 24089 | D:12     | Killed Muar's ghost
 25171 | D:13     | Escaped the Abyss
 25498 | D:13     | Found a gate to the Vaults.
 26596 | D:14     | You fall into a shaft and drop 1 floor!
 26596 | D:15     | Entered Level 15 of the Dungeon
 26823 | D:14     | Noticed Louise
 27001 | D:14     | Reached XP level 15. HP: 119/126 MP: 24/24
 27112 | D:14     | Noticed a tengu reaver
 27134 | D:14     | Paralysed by a hornet for 1 turns
 27155 | D:14     | Killed a tengu reaver
 27829 | D:14     | Killed Louise
 27990 | D:14     | Found a portal to a secret trove of treasure.
 28242 | D:15     | Found a staircase to the Depths.
 28242 | D:15     | Noticed a frost giant
 28252 | D:15     | HP: 6/126 [frost giant/bolt of cold (13)]
 28253 | D:15     | HP: 2/126 [centaur warrior (10)]
 28253 | D:15     | Mangled by a frost giant

Levels and vault maps discovered:
D:1:      saegor_arrival_miasma, layout_basic, minivault_27, minmay_quantized
D:2:      layout_basic, xom_teletrap_fun, uniq_crazy_yiuf_cottage
D:3:      minmay_diamond_boxcup, layout_basic, gammafunk_ghost_grave
D:4:      layout_gridville, overflow_temple_1_default,
          gammafunk_temple_overflow_elements, minmay_distorted
D:5:      layout_loops_cross, first_ration, serial_shops,
          nicolae_shop_overgrown_old_shop, hangedman_decor_opposing
D:6:      layout_basic, minmay_temple_entry_ruins, enter_ossuary_2, uniq_edmund,
          uniq_blork_the_orc
D:7:      layout_loops_corners, ashenzari_conservatory_becter
D:8:      layout_gridville, good_gods_temple_1, trog_ov_bears_minmay,
          old_standard_altar, kennysheep_little_box
D:9:      layout_cave_pods, kennysheep_mini, erik_lair_orcish_takeover
D:10:     layout_roguey [special_room_bee], uniq_fannar
D:11:     layout_loops_corners, orc_david_3, hangedman_pestilent_swarm,
          roderic_serpentine_path, grunt_decor_one_mirror, uniq_psyche
D:12:     layout_rooms, basic_altar, hellmonk_ghost_happy_afterlife,
          interstate_on_off
D:13:     layout_small_grid, hangedman_vaults_entry_quadrant_bands
D:14:     minmay_connected_boxes_in_corner, layout_long_grid,
          infiniplex_staircase_zigzag_2, enter_trove_5, uniq_louise
D:15:     grunt_enter_depths_snipers, layout_gridville, nicolae_ru_path_of_blood
Lair:1:   layout_cave_pods, chequers_serial_rivers_micro_b,
          hangedman_lair_unloving_vines, st_stairs_10
Lair:2:   layout_loops_ring
Lair:3:   layout_cave_pods, minmay_swamp_entry_wisps,
          nicolae_spider_entry_orb_guardian, st_stairs_3,
          minmay_stone_trees_small
Lair:4:   layout_small_grid, chequers_serial_rivers_small_a,
          lemuel_fruit_fields, lemuel_fruit_tree, lemuel_fruit_fields
Lair:5:   layout_hall_layers
Lair:6:   hangedman_lair_in_review, layout_misc_corridors,
          dpeg_slime_entry_enclosed_altar

Skill      XL: |  1  2  3  4  5  6  7  8  9 10 11 12 13 14 15 |
---------------+----------------------------------------------+-----
Axes           | 2 3 4 5 6 |  6.4
Dodging        | 1 2 3 4 5 6 7 |  7.0
Armour         | 2 3 4 5 6 7 8 9 |  9.5
Invocations    | 3 4 5 6 7 9 10 11 12 | 12.7
Fighting       | 4 5 6 7 8 9 |  9.9
Maces & Flails | 4 6 8 9 10 11 | 11.8
Shields        | 2 3 4 5 6 7 8 |  8.0
Evocations     | 1 |  1.5
Throwing       | |  0.8

Action                   |  1- 3 |  4- 6 |  7- 9 | 10-12 | 13-15 || total
-------------------------+-------+-------+-------+-------+-------++-------
Melee: Hand axe          |    96 |   210 |   288 |    39 |    14 ||   647
       Kick              |    20 |    41 |   122 |   253 |   550 ||   986
       Flail             |       |       |   178 |   724 |  1425 ||  2327
Throw: Boomerang         |       |       |       |       |    12 ||    12
Invok: Depart the Abyss  |     1 |       |       |       |     3 ||     4
       Bend Space        |       |       |     1 |       |       ||     1
       Banish            |       |       |       |     8 |     8 ||    16
       Enter the Abyss   |       |       |       |       |     2 ||     2
Evoke: Wand              |       |       |    21 |    11 |    17 ||    49
  Use: Potion            |     3 |     1 |     4 |     8 |    10 ||    26
       Scroll            |     7 |     2 |    13 |    15 |    17 ||    54
 Stab: Paralysed         |       |       |    16 |     8 |       ||    24
  Eat: Chunk             |     2 |     6 |     7 |    22 |    22 ||    59
       Ration            |       |       |     2 |     1 |     5 ||     8
Armor: Leather armour    |    13 |       |       |       |       ||    13
       Ring mail         |    47 |   150 |   344 |   381 |   566 ||  1488
Dodge: Dodged            |    52 |   103 |   294 |   392 |   704 ||  1545
Block: Buckler           |       |       |    76 |   202 |   332 ||   610

Table legend:
 A = Non-vault XP
 B = Vault XP
 C = Vault XP percentage of total XP
 D = Non-vault monster count
 E = Vault monster count
 F = Vault count percentage of total count
                 A         B        C        D         E       F
            +---------+---------+-------+---------+---------+-------
      Total |   78142 |   37381 |  32.4 |     490 |     141 |  22.3
            +---------+---------+-------+---------+---------+-------
        D:1 |      16 |       6 |  27.3 |       9 |       4 |  30.8
        D:2 |      62 |      42 |  40.4 |      19 |       1 |   5.0
        D:3 |      85 |     109 |  56.2 |      27 |       5 |  15.6
        D:4 |     400 |       1 |   0.2 |      24 |       1 |   4.0
        D:5 |      20 |       0 |   0.0 |       4 |       0 |   0.0
        D:6 |     891 |     260 |  22.6 |      25 |       2 |   7.4
        D:7 |    1572 |       0 |   0.0 |      31 |       0 |   0.0
        D:8 |    1903 |     702 |  26.9 |      35 |       6 |  14.6
        D:9 |    1574 |     125 |   7.4 |      11 |       4 |  26.7
       D:10 |    4172 |    2830 |  40.4 |      29 |      26 |  47.3
       D:11 |    5533 |    1488 |  21.2 |      37 |      11 |  22.9
       D:12 |    6816 |     971 |  12.5 |      22 |       1 |   4.3
       D:13 |   11403 |    4234 |  27.1 |      38 |      14 |  26.9
       D:14 |    5715 |   13563 |  70.4 |      18 |      22 |  55.0
       D:15 |     231 |       0 |   0.0 |       2 |       0 |   0.0
     Lair:1 |     606 |     115 |  16.0 |       3 |       1 |  25.0
     Lair:2 |    9850 |       0 |   0.0 |      45 |       0 |   0.0
     Lair:3 |    6732 |    1427 |  17.5 |      29 |       6 |  17.1
     Lair:4 |    7441 |       0 |   0.0 |      28 |       0 |   0.0
     Lair:5 |    6169 |       0 |   0.0 |      23 |       0 |   0.0
     Lair:6 |    4345 |   11331 |  72.3 |      19 |      21 |  52.5
    Abyss:1 |    1754 |       0 |   0.0 |       6 |       0 |   0.0
    Abyss:2 |     852 |       0 |   0.0 |       6 |       0 |   0.0
    Ossuary |       0 |     177 | 100.0 |       0 |      16 | 100.0
            +---------+---------+-------+---------+---------+-------
